 Dungeon Crawl Stone Soup version 0.21-a0-496-g696f58f (webtiles) character file.

4468 theanonym the Severer (level 10, 0/94 HPs)
             Began as a Hill Orc Fighter on Nov 23, 2017.
             Was a Believer of Beogh.
             Slain by a two-headed ogre
             ... wielding a +0 giant club
              (7 damage)
             ... on level 8 of the Dungeon.
             The game lasted 00:13:47 (8204 turns).

theanonym the Severer (Hill Orc Fighter)            Turns: 8204, Time: 00:13:48

Health: 0/94       AC: 16    Str: 23    XL:     10   Next: 37%
Magic:  19/19      EV:  5    Int:  8    God:    Beogh [**....]
Gold:   262        SH: 10    Dex: 10    Spells: 9/9 levels left

rFire    . . .     SeeInvis .   a - +0 war axe
rCold    . . .     Gourm    .   c - +1 shield
rNeg     + . .     Faith    .   I - +0 chain mail
rPois    .         Spirit   .   j - +0 helmet
rElec    .         Reflect  .   s - +0 cloak
rCorr    .         Harm     .   i - +2 pair of gloves
MR       .....                  J - +1 pair of boots
Stlth    ..........             (no amulet)
HPRegen  0.25/turn              D - ring of positive energy {rN+}
MPRegen  0.16/turn              E - ring of magical power {MP+9}

@: about to teleport, very slightly contaminated, hasted, invisible, very quick
A: no striking features
a: Smiting, Renounce Religion


   Skills:
 + Level 10.8 Fighting
 * Level 15.1 Axes
 - Level 3.2 Armour
 - Level 3.2 Shields


You had 9 spell levels left.
You didn't know any spells.

Skill      XL: |  1  2  3  4  5  6  7  8  9 10 |
---------------+-------------------------------+-----
Axes           | 3 4 5 6 8 9 11 14 15 | 15.1
Fighting       | 4 5 6 7 8 10 | 10.8
Armour         | |  3.2
Shields        | |  3.2

Action                   |  1- 3 |  4- 6 |  7- 9 | 10-12 || total
-------------------------+-------+-------+-------+-------++-------
Melee: War axe           |    90 |   166 |   321 |   150 ||   727
       Unarmed           |     5 |       |       |       ||     5
Invok: Convert to Beogh  |       |       |     1 |       ||     1
Evoke: Wand              |       |       |     3 |     5 ||     8
  Use: Scroll            |       |     4 |     3 |     8 ||    15
       Potion            |       |       |     6 |     2 ||     8
 Stab: Paralysed         |       |       |     3 |     3 ||     6
       Invisible         |       |       |     1 |       ||     1
  Eat: Chunk             |     1 |     6 |     7 |     4 ||    18
       Meat ration       |       |       |     1 |       ||     1
       Fruit             |       |       |       |     1 ||     1
Armor: Scale mail        |    54 |    60 |    74 |       ||   188
       Skin              |     2 |       |       |       ||     2
       Chain mail        |       |       |    74 |    56 ||   130
Dodge: Dodged            |    25 |    39 |    65 |    28 ||   157
Block: Shield            |    39 |    91 |    93 |    49 ||   272

Inventory:

Hand Weapons
 a - a +0 war axe (weapon)
 d - a +0 scythe
   (You took it off Sigmund on level 4 of the Dungeon)
 k - a +0 halberd
   (You took it off a gnoll on level 8 of the Dungeon)
 F - a +0 spear of venom
   (You took it off a gnoll on level 5 of the Dungeon)
Missiles
 h - 33 poisoned needles
 z - 6 tomahawks (quivered)
Armour
 b - a +0 scale mail
 c - a +1 shield (worn)
 i - a +2 pair of gloves (worn)
   (You found it on level 1 of the Dungeon)
 j - a +0 helmet (worn)
   (You took it off Robin on level 2 of the Dungeon)
 s - a +0 cloak (worn)
   (You took it off Crazy Yiuf on level 2 of the Dungeon)
 I - a +0 chain mail (worn)
   (You found it on level 2 of the Dungeon)
 J - a +1 pair of boots (worn)
   (You found it on level 7 of the Dungeon)
Jewellery
 D - a ring of positive energy (left hand) {rN+}
   (You found it on level 3 of the Dungeon)
 E - a ring of magical power (right hand) {MP+9}
   (You found it on level 7 of the Dungeon)
Wands
 p - a wand of polymorph (3)
   (You took it off Robin on level 2 of the Dungeon)
 H - a wand of paralysis (8)
   (You took it off Ijyb on level 5 of the Dungeon)
 M - a wand of random effects (15)
   (You found it on level 7 of the Dungeon)
Scrolls
 f - 3 scrolls of fog {!r}
 g - 3 scrolls of remove curse
 l - a scroll of immolation
 x - a scroll of fear {unknown}
 y - a scroll of magic mapping {!r}
 C - a scroll of blinking {unknown}
 L - a scroll of amnesia {unknown}
Potions
 e - a potion of agility
 o - 2 potions of flight
 q - 2 potions of brilliance
 r - a potion of cancellation {unknown}
 v - a potion of haste
 G - a potion of heal wounds {unknown}
 K - a potion of resistance {unknown}
Comestibles
 m - 9 bread rations
 u - 3 meat rations
 w - 3 royal jellies
 N - 8 chunks of flesh

Dungeon Overview and Level Annotations

Branches:
Dungeon (8/15)             Temple (0/1) D:7
   Lair: D:8-11

Altars:
Cheibriados
Hepliaklqana
Makhleb
Nemelex Xobeh
Ru
Trog
Vehumet
Yredelemnul


You were on level 8 of the Dungeon.
You worshipped Beogh.
Beogh was pleased with you.
You were not hungry.

You visited 1 branch of the dungeon, and saw 8 of its levels.

You collected 262 gold pieces.


Message History

An adder skeleton is nearby!
An adder skeleton is nearby!
An adder skeleton is nearby!
An adder skeleton is nearby!
The adder skeleton bites you but does no damage.
You block the adder skeleton's attack.
You slice the adder skeleton!!
You destroy the adder skeleton!
Beogh accepts your kill.
No target in view!
No target in view!
No target in view!
You now have 249 gold pieces (gained 14).
Items here: )) ÷ † a club; an enchanted spear; a gnoll skeleton; a scorpion corpse You now have 262 gold pieces (gained 13).
A two-headed ogre comes into view.
It is wielding a giant spiked club and a giant club.
Health restored: 94 A two-headed ogre is nearby!
A two-headed ogre is nearby!
A two-headed ogre is nearby!
A two-headed ogre is nearby!
Okay, then.
Aim: a two-headed ogre, wielding a giant spiked club and a giant club (chance to defeat MR: 28%)
The two-headed ogre suddenly stops moving!
A bullfrog comes into view.
The bullfrog croaks.
A two-headed ogre comes into view. It is wielding two giant clubs.
There is an escape hatch in the floor here.
The two-headed ogre shouts in stereo!
You block the bullfrog's attack.
You completely miss the bullfrog. The bullfrog barely misses you.
Your chain mail prevents you from hitting the bullfrog.
You block the bullfrog's attack.
You hit the bullfrog.
The bullfrog hits you but does no damage. x2
You slash the bullfrog!
The bullfrog hits you but does no damage.
You slash the bullfrog! You block the bullfrog's attack.
A centaur zombie comes into view.
You block the bullfrog's attack.
The helpless two-headed ogre fails to defend itself.
You slash the two-headed ogre! You hit the bullfrog.
You kill the bullfrog!
Beogh accepts your kill.
The helpless two-headed ogre fails to defend itself.
You hit the two-headed ogre but do no damage.
The helpless two-headed ogre fails to defend itself.
You slice the two-headed ogre!! You hit the two-headed ogre.
The two-headed ogre is no longer paralysed.
The two-headed ogre hits you with a giant club! x2
The two-headed ogre barely misses you.
The two-headed ogre hits you with a giant club.
You take 33 damage, and have 61/94 hp.
MASSIVE DAMAGE!!
Okay, then.
You fade into invisibility!
The two-headed ogre barely misses you.
The two-headed ogre hits you but does no damage.
The two-headed ogre hits you with a giant spiked club.
The two-headed ogre hits you with a giant club!
* * * LOW HITPOINT WARNING * * *
You are very lightly contaminated with residual magic.
You take 20 damage, and have 41/94 hp.
MASSIVE DAMAGE!!
As you read the scroll labeled INKAOSTR AQYSEN, it crumbles to dust.
The creatures around you are filled with an inner flame!
It was a scroll of immolation.
As you read the scroll labeled DEPRUE LUDO, it crumbles to dust.
The dust glows faint magenta!
It was a scroll of random uselessness.
The two-headed ogre hits you but does no damage.
You block the two-headed ogre's attack.
The two-headed ogre hits you with a giant spiked club.
* * * LOW HITPOINT WARNING * * *
The two-headed ogre barely misses you.
You take 4 damage, and have 38/94 hp.
As you read the scroll labeled TEUFIN YTUD LOUC, it crumbles to dust.
You feel aware of your surroundings.
It was a scroll of magic mapping.
y - a scroll of magic mapping
D - a ring of positive energy (left hand) {rN+} The two-headed ogre barely misses you.
The two-headed ogre hits you but does no damage.
The two-headed ogre hits you with a giant spiked club!
* * * LOW HITPOINT WARNING * * *
The two-headed ogre hits you with a giant club!
* * * LOW HITPOINT WARNING * * *
You take 18 damage, and have 20/94 hp.
You feel yourself speed up.
The two-headed ogre hits you with a giant club.
* * * LOW HITPOINT WARNING * * *
The two-headed ogre closely misses you. You block the two-headed ogre's attack.
The two-headed ogre hits you with a giant club!
* * * LOW HITPOINT WARNING * * *
You take 14 damage, and have 6/94 hp.
As you read the scroll labeled HEZOGE JOMIOX, it crumbles to dust.
It is a scroll of enchant armour.
Your +0 shield glows green for a moment.
As you read the scroll labeled YTUBOA JEIQUIH, it crumbles to dust.
You feel strangely unstable.
It was a scroll of teleportation.
You block the two-headed ogre's attack.
The two-headed ogre hits you with a giant club!
You die...

*,*****,*****,* *,,,**** * *,*
*,* #.* *,*,,,,* * *,* *,* #.#
*,,,**,****** *,* *,##**#.#***
**,,**,,,,,,, *,*
***,#.,,...,,****,,********* *,*
*,,,#.**#.#*,,,,,,,*
**,*##.#*#.* #.#*******,*
,,,,..g# #.* #.########.********
**,##..###.###.O@OZ.....,,,,,..#
*,,..........>#######.#*****#<#
***#..###...#.# #.# #.#
##>.#####.#.# #.# #.#
#.....###.#.# #.# #.#
#..<........# #.# #.#
#...........# #.# #.#
#.....#####.# #.# ##.## #.....#
#)# #.######.#.#


You could see 2 two-headed ogres and a centaur zombie (inner flame).

Notes
Turn   | Place    | Note
-------+----------+-------------------------------------------
     0 | D:1      | theanonym the Hill Orc Fighter began the quest for the Orb.
     0 | D:1      | Reached XP level 1. HP: 19/19 MP: 1/1
   200 | D:1      | Reached skill level 3 in Axes
   311 | D:1      | Reached XP level 2. HP: 27/27 MP: 2/2
   361 | D:1      | Reached skill level 4 in Fighting
   810 | D:2      | Reached skill level 4 in Axes
   840 | D:2      | Reached XP level 3. HP: 27/33 MP: 3/3
   946 | D:2      | Noticed Robin
  1093 | D:2      | Killed Robin
  1093 | D:2      | Reached XP level 4. HP: 41/41 MP: 4/4
  1249 | D:2      | Found a runed door.
  1275 | D:2      | Found a bloodstained altar of Trog.
  1305 | D:2      | Reached skill level 5 in Axes
  1691 | D:2      | Found a faded altar of an unknown god.
  1759 | D:2      | Noticed Crazy Yiuf
  1764 | D:2      | Killed Crazy Yiuf
  1764 | D:2      | Reached XP level 5. HP: 38/47 MP: 5/5
  2013 | D:3      | Reached skill level 6 in Axes
  2028 | D:3      | Noticed Salmacis's ghost (amateur MiFi)
  2053 | D:3      | HP: 21/47 [Salmacis's ghost (5)]
  2054 | D:3      | Killed Salmacis's ghost
  2054 | D:3      | Reached skill level 5 in Fighting
  2054 | D:3      | Reached XP level 6. HP: 25/56 MP: 6/6
  2371 | D:3      | Found a snail-covered altar of Cheibriados.
  2380 | D:3      | Found a radiant altar of Vehumet.
  2550 | D:4      | Reached skill level 7 in Axes
  2584 | D:4      | Found a sparkling altar of Nemelex Xobeh.
  2793 | D:4      | Noticed a phantom
  2816 | D:4      | Killed a phantom
  2816 | D:4      | Reached skill level 6 in Fighting
  2816 | D:4      | Reached skill level 8 in Axes
  2816 | D:4      | Reached XP level 7. HP: 42/63 MP: 7/7
  2844 | D:4      | Noticed Gwenloh's ghost (amateur DrEE)
  3008 | D:4      | Noticed Sigmund
  3024 | D:4      | Killed Sigmund
  3024 | D:4      | Reached skill level 9 in Axes
  3265 | D:4      | Killed Gwenloh's ghost
  3530 | D:5      | Entered Level 5 of the Dungeon
  3566 | D:5      | Reached skill level 7 in Fighting
  3566 | D:5      | Reached XP level 8. HP: 71/73 MP: 8/8
  3674 | D:5      | Reached skill level 10 in Axes
  3681 | D:5      | HP: 36/73 [poisoned by a gnoll]
  3686 | D:5      | HP: 26/73 [poisoned by a gnoll]
  3691 | D:5      | HP: 19/73 [poisoned by a gnoll]
  3696 | D:5      | HP: 15/73 [poisoned by a gnoll]
  3701 | D:5      | HP: 12/73 [poisoned by a gnoll]
  3706 | D:5      | HP: 11/73 [poisoned by a gnoll]
  3711 | D:5      | HP: 10/73 [poisoned by a gnoll]
  3718 | D:5      | HP: 9/73 [poisoned by a gnoll]
  3726 | D:5      | HP: 9/73 [poisoned by a gnoll]
  4309 | D:5      | Noticed Menkaure
  4317 | D:5      | Killed Menkaure
  4317 | D:5      | Reached skill level 8 in Fighting
  4317 | D:5      | Reached skill level 11 in Axes
  4384 | D:5      | Noticed Ijyb
  4391 | D:5      | Killed Ijyb
  5254 | D:5      | Noticed Duvessa
  5266 | D:5      | Killed Duvessa
  5266 | D:5      | Reached XP level 9. HP: 79/82 MP: 9/9
  5280 | D:5      | Noticed Dowan
  5284 | D:5      | HP: 35/82 [Dowan/shard of ice (27)]
  5287 | D:5      | Killed Dowan
  5287 | D:5      | Reached skill level 12 in Axes
  5290 | D:5      | HP: 30/82 [acid (5)]
  5292 | D:5      | HP: 12/82 [acid (3)]
  5301 | D:5      | HP: 12/82 [poisoned by Dowan]
  5307 | D:5      | HP: 12/82 [poisoned by Dowan]
  5313 | D:5      | HP: 12/82 [poisoned by Dowan]
  5604 | D:5      | Found a hazy altar of Hepliaklqana.
  5662 | D:5      | Noticed Pikel
  5669 | D:5      | Killed Pikel
  5669 | D:5      | Reached skill level 9 in Fighting
  5825 | D:6      | Became a worshipper of Beogh the Brigand
  5841 | D:6      | Reached skill level 13 in Axes
  6086 | D:6      | Found a sacrificial altar of Ru.
  6157 | D:6      | Reached * piety under Beogh
  6199 | D:6      | Found a burning altar of Makhleb.
  6215 | D:6      | Found a basalt altar of Yredelemnul.
  6218 | D:6      | Found a snail-covered altar of Cheibriados.
  6292 | D:6      | Noticed a hornet
  6308 | D:6      | Paralysed by a hornet for 2 turns
  6309 | D:6      | HP: 39/85 [hornet (5)]
  6313 | D:6      | HP: 11/85 [hornet (10)]
  6314 | D:6      | Killed a hornet
  6314 | D:6      | Reached skill level 10 in Fighting
  6314 | D:6      | Reached skill level 14 in Axes
  6319 | D:5      | HP: 7/127 [poisoned by a hornet]
  6322 | D:5      | HP: 3/85 [poisoned by a hornet]
  6326 | D:5      | HP: 1/85 [poisoned by a hornet]
  6333 | D:5      | HP: 1/85 [poisoned by a hornet]
  6338 | D:5      | HP: 1/85 [poisoned by a hornet]
  6695 | D:6      | Reached XP level 10. HP: 86/93 MP: 10/10
  7511 | D:7      | Found a staircase to the Ecumenical Temple.
  7977 | D:8      | Reached ** piety under Beogh
  8093 | D:8      | Reached skill level 15 in Axes
  8183 | D:8      | Noticed a two-headed ogre
  8188 | D:8      | Noticed a two-headed ogre
  8198 | D:8      | HP: 41/94 [two-headed ogre/giant spiked club (16)]
  8201 | D:8      | HP: 20/94 [two-headed ogre/giant spiked club (10)]
  8202 | D:8      | HP: 6/94 [two-headed ogre/giant spiked club (11)]
  8204 | D:8      | Slain by a two-headed ogre

Vanquished Creatures
  Pikel (D:5)
  A hornet (D:6)
  Sigmund (D:4)
  The ghost of Gwenloh the Digger, an amateur DrEE (D:4)
  Menkaure (D:5)
  Duvessa (D:5)
  A water moccasin (D:6)
  3 orc warriors
  4 sky beasts
  2 ice beasts
  The ghost of Salmacis the Chopper, an amateur MiFi of Hepliaklqana (D:3)
  An ogre (D:6)
  A phantom (D:4)
  A centaur (D:6)
  5 bullfrogs
  A wyvern zombie (D:8)
  Dowan (D:5)
  3 scorpions
  4 crimson imps
  5 hounds
  3 orc priests
  3 jellies (D:5)
  9 orc wizards
  Crazy Yiuf (D:2)
  A centaur skeleton (D:5)
  4 iguanas
  Ijyb (D:5)
  6 worker ants
  A hound zombie (D:6)
  A worker ant zombie (D:5)
  Robin (D:2)
  A howler monkey zombie (D:5)
  8 adders
  8 gnolls
  2 shadow imps (D:5)
  2 oozes
  3 adder skeletons
  An adder zombie (D:6)
  6 worms
  A dart slug (D:1)
  6 leopard geckos
  23 orcs
  A ball python (D:6)
  5 bats
  8 giant cockroaches
  14 goblins
  11 hobgoblins
  11 jackals
  9 kobolds
  4 quokkas
  4 frilled lizards
  A leopard gecko skeleton (D:4)
  5 quokka skeletons
  7 rats
211 creatures vanquished.

Vanquished Creatures (others)
  An orc priest (D:6)
  An orc (D:6)
2 creatures vanquished.

Grand Total: 213 creatures vanquished
